 Dungeon Crawl Stone Soup version 0.32-a0-921-g04a7ad8 (webtiles) character file.

Game seed: 833825785845387384

5135 gb0801 the Severer (level 10, -5/78 HPs)
             Began as a Minotaur Berserker on Apr 11, 2024.
             Was a High Priest of Trog.
             Slain by a freezing wraith (9 damage)
             ... led by a death knight
             ... on level 8 of the Dungeon.
             The game lasted 00:10:34 (6262 turns).

gb0801 the Severer (Minotaur Berserker)             Turns: 6262, Time: 00:10:35

Health: -5/78      AC: 14    Str: 24    XL:     10   Next: 33%
Magic:  9/9        EV: 21    Int:  4    God:    Trog [*****.]
Gold:   484        SH:  0    Dex: 20    Spells: 9/9 levels left

rFire   . . .        a - +1 hand axe (drain)
rCold   . . .        (no shield)
rNeg    . . .        m - +0 plate armour
rPois   +            (helmet restricted)
rElec   .            (no cloak)
rCorr   .            i - +1 pair of gloves
SInv    +            l - +0 pair of boots
Will    .....        u - amulet of the acrobat Stlth
                     c - +6 ring of dexterity
HPRegen 0.33/turn    t - ring "Ifues" {Fly rPois Dex+2 SInv}
MPRegen 0.11/turn

%: acrobat
@: acrobatic, flying, slowed, very slow
A: horns 2, retaliatory headbutt
a: Renounce Religion, Berserk, Trog's Hand, Brothers in Arms


You were on level 8 of the Dungeon.
You worshipped Trog.
Trog was extremely pleased with you.
You visited 1 branch of the dungeon, and saw 8 of its levels.
You also visited: Sewer.

You collected 484 gold pieces.

Inventory:

Hand Weapons
 a - a +1 hand axe of draining (weapon)
 d - a +2 antimagic battleaxe
 g - a +0 broad axe
 w - a +3 whip
Missiles
 e - 3 boomerangs (quivered)
Armour
 i - a +1 pair of gloves (worn)
 l - a +0 pair of boots (worn)
 m - a +0 plate armour (worn)
Jewellery
 c - a +6 ring of dexterity (left hand)
 j - a ring of protection from fire
 s - a ring of ice
 t - the ring "Ifues" (right hand) {Fly rPois Dex+2 SInv}
   (You found it on level 7 of the Dungeon)

   [ring of poison resistance]

   Dex+2:     It affects your dexterity (+2).
   rPois:     It protects you from poison.
   SInv:      It lets you see invisible.
   Fly:       It grants you flight.
 u - an amulet of the acrobat (around neck)
Wands
 o - a wand of mindburst (16)
 p - a wand of iceblast (4)
Scrolls
 f - 2 scrolls of identify
 n - 2 scrolls of enchant weapon
 y - a scroll of poison
 K - 4 scrolls of teleportation
 M - 2 scrolls of blinking
Potions
 b - a potion of magic {unknown}
 h - a potion of lignification {unknown}
 k - a potion of might {unknown}
 q - 3 potions of brilliance {unknown}
 r - a potion of haste {unknown}
 v - a potion of experience {unknown}
 C - 4 potions of invisibility
 D - 3 potions of enlightenment
 S - 2 potions of curing
 T - 3 potions of heal wounds
 Y - 3 potions of mutation
Miscellaneous
 x - a sack of spiders


   Skills:
 + Level 3.7 Fighting
 - Level 18.0 Axes
 + Level 2.5 Armour
 - Level 2.1 Dodging
 * Level 0.5 Evocations


You had 9 spell levels left.
You didn't know any spells.
Your spell library was empty.

Dungeon Overview and Level Annotations

Branches:
Dungeon (8/15)             Temple (0/1) D:6           Sewer (visited)
   Lair: D:8-11

Altars:
Dithmenos
Elyvilon
Nemelex Xobeh
Trog
Vehumet
Wu Jian
Yredelemnul

Shops:
D:6 *

Annotations:
D:7 exclusion: statue


Innate Abilities, Weirdness & Mutations

You have a pair of horns on your head.
You reflexively headbutt those who attack you in melee.


Message History

Things that are here:
a +3 halberd; a +0 robe
Things that are here:
a +3 dagger; a +0 robe You now have 465 gold pieces (gained 7).
y - a scroll of poison You now have 470 gold pieces (gained 5).
You now have 484 gold pieces (gained 14).
K - 4 scrolls of teleportation (gained 1)
A freezing wraith comes into view.
You regained 10 hp, and now have 59/78 hp.
A white imp comes into view.
The white imp shouts, "Get thee gone, thou erky kobold-kissing bum-bailey!" 2 freezing wraiths come into view.
The freezing wraith misses you. You furiously retaliate!
You headbutt the freezing wraith! The freezing wraith misses you.
You hit the freezing wraith but do no damage.
You headbutt the freezing wraith, but do no damage.
The freezing wraith is moderately damaged.
You slash the freezing wraith!
Your headbutt misses the freezing wraith.
The freezing wraith is heavily damaged.
The freezing wraith hits you. The freezing wraith freezes you!!
* * * LOW HITPOINT WARNING * * *
The freezing wraith hits you!
* * * LOW HITPOINT WARNING * * *
The freezing wraith drains your vigour!
You feel yourself slow down.
You take 37 damage, and have 23/78 hp.
MASSIVE DAMAGE!!
Unknown command.
Unknown command.
A phantasmal warrior comes into view.
The phantasmal warrior gestures at you.
The phantasmal warrior blinks!
The freezing wraith attacks as it pursues you!
The freezing wraith hits you.
* * * LOW HITPOINT WARNING * * *
The freezing wraith freezes you!!
* * * LOW HITPOINT WARNING * * *
The freezing wraith hits you!
You die...

##.........<.....
#......ß))...###.
####......#..##
#...........#
#...........#
#...........#
##...........#
#######W...........#
#....W@.#....#######
#..#.##.####+# # #W.
#..5 ...W ......
#.... #§...... #....
........ #.?..
........ ####.
.#..##.


You could see a phantasmal warrior, 2 freezing wraiths and a white imp.

Vanquished Creatures
  An entropy weaver (shapeshifter) (D:7)
  2 cyclopes (D:7)
  An unseen horror (D:7)
  A komodo dragon (D:7)
  Menkaure (D:6)
  Duvessa (D:5)
  2 orc warriors
  5 ice beasts
  Pargi (Sewer)
  3 black bears
  2 ogres (D:6)
  3 centaurs (D:7)
  A kobold brigand (D:7)
  A phantom (D:5)
  3 bullfrogs (D:7)
  A gnoll sergeant (D:6)
  2 scorpions
  2 wights (D:8)
  Dowan (D:5)
  4 orc priests
  5 hounds
  4 jellies
  2 sleepcaps
  Jessica (D:3)
  3 iguanas (D:5)
  5 orc wizards
  10 gnolls
  5 adders
  4 shadow imps (D:7)
  A white imp (D:7)
  5 ufetubi
  4 ribbon worms
  A dart slug (D:1)
  26 orcs
  11 endoplasms
  7 giant cockroaches
  3 goblins
  7 hobgoblins
  12 jackals
  12 kobolds
  7 quokkas
  11 ball pythons
  4 bats
  15 frilled lizards
  4 rats
207 creatures vanquished.

Notes
Turn   | Place    | Note
-------+----------+-------------------------------------------
     0 | D:1      | gb0801 the Minotaur Berserker began the quest for the Orb.
     0 | D:1      | Reached XP level 1. HP: 19/19 MP: 0/0
    34 | D:1      | Reached skill level 4 in Axes
    54 | D:1      | Reached XP level 2. HP: 12/26 MP: 1/1
   257 | D:1      | Reached ** piety under Trog
   299 | D:1      | Reached skill level 5 in Axes
   321 | D:1      | Reached XP level 3. HP: 31/31 MP: 2/2
   742 | D:2      | Found a faded altar of an unknown god.
   798 | D:2      | Reached XP level 4. HP: 39/39 MP: 3/3
   799 | D:2      | Reached skill level 6 in Axes
  1136 | D:2      | Reached *** piety under Trog
  1372 | D:3      | Reached skill level 7 in Axes
  1372 | D:3      | Reached XP level 5. HP: 45/45 MP: 4/4
  1391 | D:3      | Found a white marble altar of Elyvilon.
  1420 | D:3      | Noticed Jessica
  1428 | D:3      | Killed Jessica
  1943 | D:4      | Reached skill level 8 in Axes
  1959 | D:4      | Reached XP level 6. HP: 41/51 MP: 5/5
  2013 | D:4      | Found a glowing drain.
  2033 | Sewer    | Entered a sewer
  2044 | Sewer    | Reached **** piety under Trog
  2093 | Sewer    | Noticed Pargi
  2099 | Sewer    | Killed Pargi
  2100 | Sewer    | Reached skill level 9 in Axes
  2377 | D:4      | Found a bloodstained altar of Trog.
  2381 | D:4      | Found a basalt altar of Yredelemnul.
  2596 | D:5      | Entered Level 5 of the Dungeon
  2623 | D:5      | Reached XP level 7. HP: 57/57 MP: 6/6
  2640 | D:5      | Noticed Duvessa
  2653 | D:5      | Noticed Dowan
  2654 | D:5      | Killed Duvessa
  2655 | D:5      | Reached skill level 10 in Axes
  2670 | D:5      | Killed Dowan
  3087 | D:5      | Found a sparkling altar of Nemelex Xobeh.
  3235 | D:5      | Reached skill level 11 in Axes
  3684 | D:6      | Reached XP level 8. HP: 53/64 MP: 7/7
  3720 | D:6      | Found Geytsykh's Assorted Antiques.
  3738 | D:6      | Reached skill level 12 in Axes
  3857 | D:6      | Reached ***** piety under Trog
  4099 | D:6      | Found a staircase to the Ecumenical Temple.
  4300 | D:6      | Reached skill level 13 in Axes
  4374 | D:6      | Noticed Menkaure
  4386 | D:6      | Killed Menkaure
  4444 | D:6      | Found an ornate altar of the Wu Jian Council.
  4556 | D:7      | Found a radiant altar of Vehumet.
  4605 | D:7      | Reached skill level 14 in Axes
  4655 | D:7      | Reached XP level 9. HP: 59/70 MP: 5/8
  4844 | D:7      | Identified the ring "Ifues" {Fly rPois Dex+2 SInv}
  4879 | D:7      | Identified the +2 robe "Cisiadem" {Regen+ Dex-4 Archmagi}
  5092 | D:7      | Found a shadowy altar of Dithmenos.
  5360 | D:7      | Reached skill level 15 in Axes
  5609 | D:7      | Noticed a cyclops
  5613 | D:7      | Noticed an eight-headed hydra
  5695 | D:7      | Noticed a komodo dragon
  5705 | D:7      | Killed a komodo dragon
  5711 | D:7      | Reached skill level 16 in Axes
  5721 | D:7      | Received a gift from Trog
  5804 | D:7      | Killed a cyclops
  5996 | D:7      | Noticed an unseen horror
  6001 | D:7      | Killed an unseen horror
  6002 | D:7      | Reached skill level 17 in Axes
  6002 | D:7      | Reached XP level 10. HP: 77/77 MP: 9/9
  6003 | D:7      | Noticed an entropy weaver
  6004 | D:7      | Noticed a cyclops
  6011 | D:7      | Killed an entropy weaver
  6016 | D:7      | Killed a cyclops
  6226 | D:8      | Reached skill level 18 in Axes
  6262 | D:8      | Noticed a phantasmal warrior
  6262 | D:8      | Slain by a freezing wraith

Illustrated notes

Levels and vault maps discovered:
D:1:      dpeg_arrival_round_b, layout_rooms, st_stairs_12, minivault_25
D:2:      minmay_spotlight, layout_rooms, hellmonk_ecumenical_altar_blasted,
          palyth_stone_intersect, minivault_27, minmay_lizard_king
D:3:      layout_basic, mainiacjoe_overflow_small_starburst, uniq_jessica
D:4:      layout_rooms, jmf_multi_god_temple, portal_sewer_entry_f
D:5:      layout_loops_corners, nemelex_spade_bored_becter, uniq_duvessa
D:6:      layout_loops_ring, nzn_wu_jian_council_hall,
          minmay_temple_entry_mini_moons, serial_shops,
          nicolae_shop_advertising_works [nicolae_subvault_shop_adworks],
          uniq_menkaure
D:7:      nzn_winding_woodlands_large [nzn_winding_woodlands_5x5_checkerboard,
          nzn_winding_woodlands_5x15_pathside_ponds,
          nzn_winding_woodlands_hourglass,
          nzn_winding_woodlands_center_diamonds,
          nzn_winding_woodlands_15x15_boxy_spiral,
          nzn_winding_woodlands_center_garden,
          nzn_winding_woodlands_5x5_perimeter,
          nzn_winding_woodlands_5x15_pockets, nzn_winding_woodlands_5x5_cross],
          layout_cave_pods, nicolae_dithmenos_the_darkroom, vehumet_statue
D:8:      layout_gridville, due_lair_maze_entry_diamond, serial_shops,
          nicolae_shop_drivethru, serial_undead, serial_undead_d,
          serial_undead_e, serial_undead_d, serial_undead_d, serial_undead_b,
          hangedman_abyss_or_decor_lesser_grid

Skill      XL: |  1  2  3  4  5  6  7  8  9 10 |
---------------+-------------------------------+-----
Axes           | 4 5 7 8 9 11 14 17 18 | 18.0
Fighting       | |  3.7
Armour         | |  2.5
Dodging        | |  2.1
Evocations     | |  0.5

Action                     |  1- 3 |  4- 6 |  7- 9 | 10-12 || total
---------------------------+-------+-------+-------+-------++-------
  Melee: Hand axe          |    86 |   125 |   261 |    20 ||   492
         Headbutt          |    13 |    23 |    57 |     8 ||   101
 Invoke: Berserk           |     1 |     1 |     3 |     1 ||     6
         Trog's Hand       |       |       |     3 |       ||     3
    Use: Scroll            |       |    14 |     2 |       ||    16
         Potion            |       |       |     2 |       ||     2
 Armour: Animal skin       |    22 |       |       |       ||    22
         Chain mail        |    49 |    78 |   134 |       ||   261
         Plate armour      |       |       |    32 |    26 ||    58
  Dodge: Dodged            |    43 |    62 |   106 |     6 ||   217

Table legend: (Time is in decaauts)
 A = Elapsed time spent in this place.
 B = Non-inter-level travel time spent in this place.
 C = Inter-level travel time spent in this place.
 D = Time resting spent in this place.
 E = Time spent auto-exploring this place.
 F = Levels seen in this place.
 G = Mean time per level.
                   A        B        C        D        E       F      G
               +--------+--------+--------+--------+--------+-----+--------+
         Total |   6229 |   5814 |    415 |    780 |   4021 |   9 |  692.1 |
       Dungeon |   6036 |   5621 |    415 |    740 |   3938 |   8 |  754.5 |
         Sewer |    193 |    193 |      0 |     40 |     83 |   1 |  193.0 |
               +--------+--------+--------+--------+--------+-----+--------+

Top non-repeatable levels by time:
     D:7: 1642 daAuts
     D:5: 1123 daAuts
     D:6: 773 daAuts
     D:3: 705 daAuts
     D:2: 667 daAuts
     D:1: 564 daAuts
     D:4: 518 daAuts
   Sewer: 193 daAuts
     D:8: 42 daAuts
